 Dungeon Crawl Stone Soup version 0.31-a0-232-gb1c03b2570 (webtiles) character file.

Game seed: 5480098816709771167

376 qw the Shooter (level 6, 0/52 HPs)
             Began as a Minotaur Hexslinger on July 7, 2023.
             Slain by a lemure (2 damage)
             ... led by Pikel
             ... on level 4 of the Dungeon.
             The game lasted 00:01:11 (3335 turns).

qw the Shooter (Minotaur Hexslinger)                Turns: 3335, Time: 00:01:11

Health: 0/52       AC:  6    Str: 13    XL:     6   Next: 44%
Magic:  6/6        EV: 11    Int: 10    God:
Gold:   162        SH:  0    Dex: 14    Spells: 6/7 levels left

rFire   . . .        Y - +1 sling
rCold   . . .        (no shield)
rNeg    . . .        h - +0 ring mail
rPois   .            (helmet restricted)
rElec   .            (no cloak)
rCorr   .            (no gloves)
SInv    .            e - +0 pair of boots
Will    .....        (no amulet)
Stlth   +            (no ring)
HPRegen 0.28/turn    (no ring)
MPRegen 0.10/turn

%: no passive effects
@: no status effects
A: horns 2, retaliatory headbutt
a: no special abilities


You were on level 4 of the Dungeon.
You visited 1 branch of the dungeon, and saw 4 of its levels.

You collected 162 gold pieces.


Innate Abilities, Weirdness & Mutations

You have a pair of horns on your head.
You reflexively headbutt those who attack you in melee.


   Skills:
 - Level 4.2 Fighting
 + Level 6.4 Ranged Weapons
 - Level 1.0 Armour
 - Level 2.1 Dodging
 - Level 1.0 Spellcasting
 - Level 2.0 Hexes


You had 6 spell levels left.
You knew the following spells:

 Your Spells              Type           Power      Damage    Failure   Level
a - Slow                  Hex            16%        N/A       32%         1

Your spell library contained the following spells:

 Spells                   Type           Power      Damage    Failure   Level
 Inner Flame              Hex/Fire       2%         N/A       82%         3
 Portal Projectile        Hex/Tloc       4%         N/A       82%         3
 Cause Fear               Hex            2%         N/A       97%         4

Inventory:

Hand Weapons
 Y - a +1 sling (weapon)
Armour
 e - a +0 pair of boots (worn)
 h - a +0 ring mail (worn)
Jewellery
 f - a +6 ring of intelligence
 k - a ring of see invisible
Scrolls
 a - 3 scrolls of identify
 i - a scroll of enchant armour {unknown}
 j - a scroll of silence {unknown}
 m - 2 scrolls of teleportation {unknown}
Potions
 b - a potion of curing
 c - a potion of cancellation {unknown}
 d - a potion of haste {unknown}
 g - a potion of attraction {unknown}
 l - a potion of ambrosia {unknown}
 n - a potion of enlightenment {unknown}

Dungeon Overview and Level Annotations

Branches:
Dungeon (4/15)
 Temple: D:4-7

Altars:
Cheibriados
Kikubaaqudgha
Nemelex Xobeh
Vehumet
Yredelemnul

Annotations:
D:4 Pikel


Message History

The sling bullet closely misses the lemure.
The sling bullet closely misses Pikel.
The sling bullet hits the lemure.
The lemure is lightly wounded.
The lemure hits you.
A lemure comes into view.
You shoot a sling bullet. The sling bullet hits Pikel.
Pikel is lightly wounded.
You shoot a sling bullet. The sling bullet hits Pikel.
Pikel is lightly wounded.
Pikel closely misses you. You furiously retaliate!
You headbutt Pikel. The lemure hits you but does no damage.
You shoot a sling bullet. The sling bullet barely misses Pikel.
The sling bullet hits the lemure!
The lemure is moderately wounded.
Pikel hits you with a +2 whip of freezing!
Pikel freezes you. The lemure hits you. The lemure hits you but does no damage.
You shoot a sling bullet. The sling bullet closely misses Pikel.
The sling bullet hits the lemure.
The lemure is moderately wounded.
Pikel waves his whip at you.
Pikel hits you with a +2 whip of freezing.
Pikel freezes you. The lemure hits you. The lemure closely misses you.
You shoot a sling bullet. The sling bullet closely misses Pikel.
The sling bullet closely misses the lemure.
The sling bullet hits the lemure.
The lemure is moderately wounded.
Pikel hits you with a +2 whip of freezing.
Pikel freezes you. The lemure hits you! The lemure closely misses you.
Pikel hits you with a +2 whip of freezing.
Pikel freezes you. The lemure closely misses you.
The lemure hits you but does no damage.
You shoot a sling bullet. The sling bullet hits Pikel.
Pikel is moderately wounded.
Pikel hits you with a +2 whip of freezing.
Pikel freezes you. The lemure hits you. x2
You shoot a sling bullet.
The sling bullet hits Pikel but does no damage.
Pikel is moderately wounded.
Pikel barely misses you. The lemure hits you! The lemure hits you.
You die...

#/## ##.....##
...# ##...##
.### ##'## .
#####.#####
#.........#
#.###.###.#
#.......#.#
#.......#5#####.
#..#....@K55....
#..#....#5######
...>.......#
####....#.###
#......#
########


You could see Pikel and 4 lemures.

Vanquished Creatures
  2 scorpions (D:4)
  A hound (D:4)
  An iguana (D:4)
  A sleepcap (D:4)
  4 gnolls (D:4)
  5 adders
  2 ufetubi (D:4)
  2 worms (D:2)
  2 dart slugs
  2 orcs
  9 ball pythons
  6 bats
  5 endoplasms
  3 giant cockroaches
  3 hobgoblins
  4 jackals (D:2)
  5 kobolds
  7 quokkas
  5 frilled lizards
  4 goblins
  A rat (D:2)
74 creatures vanquished.

Notes
Turn   | Place    | Note
-------+----------+-------------------------------------------
     0 | D:1      | qw the Minotaur Hexslinger began the quest for the Orb.
     0 | D:1      | Reached XP level 1. HP: 16/16 MP: 1/1
     0 | D:1      | 0 ||| qw: Version: 0.3-a-46-gb1f654a
     0 | D:1      | 0 ||| qw: Game counter: 2527
     0 | D:1      | 0 ||| qw: Melee chars always use a shield: true
     0 | D:1      | 0 ||| qw: God list: Okawaru
     0 | D:1      | 0 ||| qw: Allow faded altars: false
     0 | D:1      | 0 ||| qw: Do Orc after clearing Dungeon:15 true
     0 | D:1      | 0 ||| qw: Do second Lair branch before Depths: true
     0 | D:1      | 0 ||| qw: Lair rune preference: random
     0 | D:1      | 0 ||| qw: Goals: Normal
     0 | D:1      | 0 ||| PLANNING D:1-11
    54 | D:1      | 54 ||| DROPPING scroll of poison.
   142 | D:1      | Reached skill level 3 in Ranged Weapons
   142 | D:1      | Reached XP level 2. HP: 23/23 MP: 2/2
   694 | D:1      | 694 ||| UPGRADING to +0 pair of boots.
   699 | D:1      | 699 ||| READING scroll labelled HIGOAPSOIQ.
   700 | D:1      | 700 ||| DRINKING 2 amethyst potions.
   747 | D:2      | Found a faded altar of an unknown god.
   790 | D:2      | Found an ancient bone altar of Kikubaaqudgha.
   798 | D:2      | Reached XP level 3. HP: 29/29 MP: 3/3
   828 | D:2      | Reached skill level 4 in Ranged Weapons
  1047 | D:2      | HP: 7/29 [adder (3)]
  1051 | D:2      | Reached XP level 4. HP: 7/36 MP: 4/4
  1439 | D:2      | 1439 ||| UPGRADING to +0 leather armour.
  1449 | D:2      | 1449 ||| DROPPING +0 robe.
  1450 | D:2      | 1450 ||| UPGRADING to +0 ring mail.
  1460 | D:2      | 1460 ||| DROPPING +0 leather armour.
  1461 | D:2      | 1461 ||| READING scroll labelled KUTWEMYERIE.
  1568 | D:3      | Found a radiant altar of Vehumet.
  1717 | D:3      | Reached skill level 1 in Armour
  1841 | D:3      | Found a snail-covered altar of Cheibriados.
  2119 | D:3      | Found a sparkling altar of Nemelex Xobeh.
  2144 | D:3      | Found a basalt altar of Yredelemnul.
  2255 | D:3      | 2255 ||| DRINKING 2 fizzy inky potions.
  2256 | D:3      | 2256 ||| DROPPING potion of brilliance.
  2310 | D:4      | Reached skill level 5 in Ranged Weapons
  2321 | D:4      | 2321 ||| FLEEEEING.
  2325 | D:4      | 2325 ||| STAIRDANCE
  2425 | D:4      | Reached XP level 5. HP: 37/42 MP: 5/5
  2476 | D:4      | Reached skill level 3 in Fighting
  2685 | D:4      | Reached skill level 6 in Ranged Weapons
  2692 | D:4      | Reached XP level 6. HP: 52/52 MP: 6/6
  3323 | D:4      | Noticed Pikel
  3334 | D:4      | HP: 12/52 [Pikel/+2 whip of freezing (2)]
  3335 | D:4      | HP: 2/52 [lemure[Pikel] (7)]
  3335 | D:4      | Slain by a lemure

Levels and vault maps discovered:
D:1:      psy_arrival_dodecagon, layout_basic, reono_crystal_passage
D:2:      layout_rooms, nicolae_ecumenical_pavilion, basic_altar,
          kennysheep_generic_room_5
D:3:      layout_basic, kennysheep_slug_shrine, mainiacjoe_overflow_two_lobes,
          mainiacjoe_overflow_six_doors_small, minmay_misc_feat_room,
          kennysheep_doodads
D:4:      layout_loops_corners, minmay_circle_x, uniq_pikel

Skill      XL: |  1  2  3  4  5  6 |
---------------+-------------------+-----
Ranged Weapons | 3 4 5 6 |  6.4
Fighting       | 2 3 4 |  4.2
Armour         | 1 |  1.0
Dodging        | |  2.1
Spellcasting   | |  1.0
Hexes          | |  2.0

Action                     |  1- 3 |  4- 6 || total
---------------------------+-------+-------++-------
   Fire: Sling             |   115 |   178 ||   293
    Use: Scroll            |     1 |     1 ||     2
         Potion            |     1 |     1 ||     2
 Armour: Robe              |    10 |     1 ||    11
         Ring mail         |       |    34 ||    34
  Dodge: Dodged            |    33 |    70 ||   103

Table legend:
 A = Non-vault XP
 B = Vault XP
 C = Vault XP percentage of total XP
 D = Non-vault monster count
 E = Vault monster count
 F = Vault count percentage of total count
                 A         B        C        D         E       F
            +---------+---------+-------+---------+---------+-------
      Total |     517 |      21 |   3.9 |      67 |       7 |   9.5
            +---------+---------+-------+---------+---------+-------
        D:1 |      30 |       0 |   0.0 |      17 |       0 |   0.0
        D:2 |      90 |       1 |   1.1 |      21 |       1 |   4.5
        D:3 |      25 |       4 |  13.8 |      14 |       1 |   6.7
        D:4 |     372 |      16 |   4.1 |      15 |       5 |  25.0
            +---------+---------+-------+---------+---------+-------
